Map: Central Protocol

Players

Botvinnik - Winner!

  • Race: Terran Terran
  • League: Master

Pterod

  • Race: Zerg Zerg

Event: Gauntlet LotV Series 1 Qualifier 2

VOD

Have the link to the VOD?

Description

Time

  • Played on: Dec. 5, 2015, 1:28 p.m.
  • Length: 5:29

All games in this series

Show
View Real Time Build Order
Export as new Build Order

Botvinnik Terran - Winner!

Build Orders: 1/1/1, Liberator Opening 

Get SALT Encoding   

  12  0:00  SCV  
  13  0:13  SCV  
  14  0:17  Supply Depot  
  14  0:25  SCV  
  15  0:36  Refinery  
  15  0:38  SCV  
  16  0:45  Barracks  
  16  0:51  SCV  
  17  1:04  SCV  
  18  1:16  SCV  
  19  1:32  Marine  
  19  1:33  Orbital Command  
  19  1:39  Factory  
  20  1:40  Supply Depot  
  20  1:41  Refinery  
  20  1:50  Marine  
  21  1:58  SCV  
  22  2:03  Bunker  
  22  2:10  Marine  
  22  2:11  SCV  
  24  2:24  Hellion, Starport  
  24  2:29  Marine  
  27  2:30  SCV  
  28  2:42  SCV  
  29  2:45  Hellion  
  29  2:49  Supply Depot  
  31  2:53  Liberator  
  31  3:02  Starport Tech Lab  
  31  3:10  SCV, Bunker, Marine  
  36  3:16  Bunker  
  35  3:22  Hellion  
  35  3:26  SCV  
  38  3:45  Factory Tech Lab, Barracks Reactor  
  38  4:02  Supply Depot  
  38  4:06  Liberator  
  38  4:08  SCV, Supply Depot  
  39  4:23  Siege Tank  
  39  4:24  Marine x2  
  46  4:30  SCV  
  48  4:37  Supply Depot  
  48  4:39  Command Center  
  48  4:42  SCV  
  48  4:43  Marine x2  
  51  4:55  Siege Tank  
  54  5:01  Marine  
  55  5:18  Supply Depot  
Show
View Real Time Build Order
Export as new Build Order

Pterod Zerg 

Build Orders: Pool First 

Get SALT Encoding   

  12  0:03  Extractor  
  11  0:17  Drone x3  
  14  0:29  Overlord  
  14  0:54  Spawning Pool  
  12  1:30  Overlord  
  12  1:40  Metabolic Boost  
  12  1:42  Zergling x6  
  15  1:53  Zergling x2  
  16  1:55  Queen  
  18  2:07  Zergling x2  
  19  2:15  Zergling x2  
  20  2:29  Zergling x2  
  21  2:46  Zergling x2  
  21  2:47  Zergling x2  
  23  2:52  Hatchery  
  23  2:57  Overlord  
  22  3:03  Baneling Nest  
  21  3:16  Roach Warren  
  21  3:24  Drone  
  22  3:39  Drone x2  
  24  4:03  Overlord  
  24  4:08  Roach x2  
  28  4:12  Roach  
  30  4:20  Roach  
  28  4:31  Roach  
  28  4:38  Spore Crawler  
Tags
 
Add a new tag
Caveats
  • Supply blocks, unpowered buildings, or Contaminate may cause inaccurate times.
  • Supply counts are checked every 10 seconds.